 Dungeon Crawl Stone Soup version 0.23.2-1-ga50397a (webtiles) character file.

Game seed: 6915206172569364453

105 schauveau the Chopper (level 4, -2/39 HPs)
             Began as a Minotaur Berserker on May 3, 2019.
             Was a Believer of Trog.
             Killed by divine providence
             ... invoked by an orc priest
              (13 damage)
             ... on level 3 of the Dungeon.
             The game lasted 00:02:21 (1741 turns).

schauveau the Chopper (Minotaur Berserker)          Turns: 1741, Time: 00:02:22

Health: -2/39      AC:  7    Str: 22    XL:     4   Next: 53%
Magic:  3/3        EV: 12    Int:  4    God:    Trog [**....]
Gold:   97         SH:  0    Dex: 10    Spells: 3/3 levels left

rFire    . . .     SeeInvis .   a - +0 hand axe
rCold    . . .     Gourm    .   (no shield)
rNeg     . . .     Faith    .   b - +0 animal skin
rPois    .         Spirit   .   (helmet restricted)
rElec    .         Reflect  .   d - +1 cloak
rCorr    .         Harm     .   m - +2 pair of gloves
MR       .....                  (no boots)
Stlth    +.........             (no amulet)
HPRegen  0.13/turn              (no ring)
MPRegen  0.08/turn              (no ring)

@: no status effects
A: retaliatory headbutt, horns 2
a: Berserk, Trog's Hand, Renounce Religion


You were on level 3 of the Dungeon.
You worshipped Trog.
Trog was pleased with you.
You were not hungry.

You visited 1 branch of the dungeon, and saw 3 of its levels.

You collected 97 gold pieces.

Inventory:

Hand Weapons
 a - a +0 hand axe (weapon)
Missiles
 k - 6 javelins (quivered)
 l - 4 curare-tipped needles
Armour
 b - a +0 animal skin (worn)
 d - a +1 cloak (worn)
 m - a +2 pair of gloves (worn)
Scrolls
 e - 3 scrolls of identify {unknown}
 h - a scroll of noise {unknown}
 i - a scroll of immolation {unknown}
Potions
 f - a potion of cancellation {unknown}
 g - a potion of heal wounds {unknown}
 j - a potion of magic {unknown}
 n - a potion of haste {unknown}
 o - a potion of degeneration {unknown}
Comestibles
 c - 3 rations
 p - 4 chunks of flesh


   Skills:
 - Level 3.6 Fighting
 * Level 6.5 Axes
 - Level 2.4 Armour
 - Level 2.1 Dodging


You had 3 spell levels left.
You didn't know any spells.
Your spell library was empty.

Dungeon Overview and Level Annotations

Branches:
Dungeon (3/15)

Altars:
Gozag
Hepliaklqana
Nemelex Xobeh
Wu Jian


Innate Abilities, Weirdness & Mutations

You reflexively headbutt those who attack you in melee.
You have a pair of horns on your head.


Message History

You kill the orc!
Trog accepts your kill.
Found a scroll labeled XUG BEASTRASUL.
You see here a +0 club.
The orc priest barely misses you.
You slash the orc priest!
The orc priest is heavily wounded.
The orc priest mumbles some strange prayers to Beogh against you.
Pain shoots through your body!
* * * LOW HITPOINT WARNING * * *
You closely miss the orc priest.
The orc priest is heavily wounded.
You hit the orc priest.
The orc priest is heavily wounded.
The orc priest hits you but does no damage.
You barely miss the orc priest. Your headbutt misses the orc priest.
The orc priest is heavily wounded.
The orc priest invokes the aid of Beogh against you.
Beogh smites you!
You die...

#.........#
#.........#
########.##
#.# #.####
####)...#
#.......#
#...)...#
#...@.%.#
#...o^..#
#.......#
#.......+
#.......#
#.......#
#......?#
#########


You could see an orc priest.

Vanquished Creatures
  5 adders
  3 worms
  3 dart slugs
  2 orcs (D:3)
  6 bats
  2 giant cockroaches (D:1)
  5 goblins
  4 hobgoblins
  4 jackals (D:1)
  A quokka (D:2)
  2 frilled lizards
  6 kobolds
  2 rats
45 creatures vanquished.

Notes
Turn   | Place    | Note
-------+----------+-------------------------------------------
     0 | D:1      | schauveau the Minotaur Berserker began the quest for the
                  | Orb.
     0 | D:1      | Reached XP level 1. HP: 19/19 MP: 0/0
   139 | D:1      | Reached skill level 4 in Axes
   292 | D:1      | Reached XP level 2. HP: 25/26 MP: 1/1
   781 | D:2      | Reached skill level 5 in Axes
   792 | D:2      | Reached ** piety under Trog
   792 | D:2      | Reached XP level 3. HP: 31/31 MP: 2/2
  1211 | D:2      | Found an ornate altar of the Wu Jian Council.
  1429 | D:2      | Found a sparkling altar of Nemelex Xobeh.
  1430 | D:2      | Found an opulent altar of Gozag.
  1431 | D:2      | Reached skill level 6 in Axes
  1431 | D:2      | Reached XP level 4. HP: 37/39 MP: 3/3
  1694 | D:3      | Found a hazy altar of Hepliaklqana.
  1741 | D:3      | Killed from afar by an orc priest

Skill      XL: |  1  2  3 |
---------------+----------+-----
Axes           | 4 5 6 |  6.5
Fighting       | |  3.6
Armour         | |  2.4
Dodging        | |  2.1

Action                   |  1- 3 |  4- 6 || total
-------------------------+-------+-------++-------
Melee: Hand axe          |    71 |    29 ||   100
       Headbutt          |    15 |     5 ||    20
  Eat: Chunk             |     1 |     2 ||     3
Armor: Animal skin       |    24 |     6 ||    30
Dodge: Dodged            |    59 |    10 ||    69
